 Dungeon Crawl Stone Soup version 0.26.0-10-g1f06aea511 (webtiles) character file.

Game seed: 7828990930517770546

5012 MajorAdolf the Prestidigitator (level 10, -1/88 HPs)
             Began as a Naga Wanderer on Jan 17, 2021.
             Was an Initiate of Gozag.
             Killed themself with a badly aimed iceblast (23 damage)
             ... on level 5 of the Dungeon.
             The game lasted 00:26:55 (19087 turns).

MajorAdolf the Prestidigitator (Naga Wanderer)     Turns: 19087, Time: 00:26:56

Health: -1/88      AC:  8    Str: 16    XL:     10   Next: 54%
Magic:  10/10      EV: 10    Int: 16    God:    Gozag
Gold:   273        SH:  5    Dex:  9    Spells: 9/9 levels left

rFire    . . .     SeeInvis +   j - +1 hand axe
rCold    + + .     Faith    .   (no shield)
rNeg     . . .     Spirit   .   v - +2 leather armour {rC+}
rPois    +         Reflect  +   (no helmet)
rElec    .         Harm     .   m - +0 cloak
rCorr    .         Rampage  .   (no gloves)
Will     +....                  (no barding)
Stlth    ++++......             q - amulet of reflection
HPRegen  0.24/turn              A - ring of protection from cold
MPRegen  0.12/turn              e - ring of Cowardice {Slay+2 Stlth+}

@: lethally poisoned (-1 -> -6), gold aura, very slow
A: large, see invisible, deformed body, poison resistance, slowness 2, spit
poison 1, AC +3
a: Spit Poison, Renounce Religion, Potion Petition, Call Merchant, Bribe Branch


You were on level 5 of the Dungeon.
You worshipped Gozag.
Gozag was aware of your devotion.
You visited 1 branch of the dungeon, and saw 7 of its levels.
You also visited: Ossuary.

You collected 1650 gold pieces.
You spent 900 gold pieces at shops.
You paid 477 gold pieces to Gozag.

Inventory:

Hand Weapons
 a - a +2 dagger
 c - a +0 quarterstaff
 d - a +3 short sword of speed
 j - a +1 hand axe (weapon)
Missiles
 w - 30 poisoned darts
Armour
 m - a +0 cloak (worn)
 v - a +2 leather armour of cold resistance (worn)
Jewellery
 e - the ring of Cowardice (right hand) {Slay+2 Stlth+}
   (You bought it in a shop on level 6 of the Dungeon)

   [ring of stealth]

   It affects your accuracy and damage with ranged weapons and melee attacks
   (+2).
   It makes you more stealthy.
 k - a +6 ring of intelligence
 q - an amulet of reflection (around neck)
 A - a ring of protection from cold (left hand)
Wands
 l - a wand of polymorph (11)
 r - a wand of digging (8)
 y - a wand of paralysis (10)
 F - a wand of disintegration (5)
 G - a wand of iceblast (7)
Scrolls
 g - 3 scrolls of teleportation
 n - 2 scrolls of amnesia {unknown}
 p - a scroll of magic mapping {unknown}
 t - 2 scrolls of fog
 u - 6 scrolls of remove curse
 x - 7 scrolls of identify
 B - a scroll of vulnerability {unknown}
 C - a scroll of brand weapon {unknown}
 D - a scroll of enchant weapon
Potions
 b - 4 potions of heal wounds
 f - a potion of brilliance
 h - 3 potions of curing
 i - a potion of flight
 o - a potion of haste
 s - a potion of degeneration {unknown}
 z - a potion of might {unknown}
 E - a potion of mutation {unknown}


   Skills:
 - Level 5.0 Fighting
 - Level 1.0 Short Blades
 - Level 6.0 Axes
 - Level 1.0 Staves
 - Level 1.0 Throwing
 - Level 6.0 Armour
 - Level 3.0 Dodging
 - Level 5.8 Stealth
 + Level 10.2 Evocations


You had 9 spell levels left.
You didn't know any spells.
Your spell library contained the following spells:

 Spells                   Type           Power        Failure   Level
 Corona                   Hex            0%           30%         1
 Slow                     Hex            0%           41%         2
 Inner Flame              Hex/Fire       0%           65%         3
 Portal Projectile        Hex/Tloc       0%           65%         3
 Cause Fear               Hex            0%           96%         4
 Leda's Liquefaction      Hex/Erth       0%           96%         4


Dungeon Overview and Level Annotations

Branches:
Dungeon (7/15)             Temple (0/1) D:7         Ossuary (visited)

Altars:
Dithmenos
Elyvilon
Fedhas
Gozag
Nemelex Xobeh
Ru
Trog
Vehumet
Wu Jian

Shops:
D:6 =*   D:7 }

Annotations:
D:5 1 runed translucent door
D:6 4 runed translucent doors, Crazy Yiuf; Dracia's ghost, amateur GnWn; Raspi's ghost, novice FoHu; p0werm0de's ghost, novice MiFi


Innate Abilities, Weirdness & Mutations

You cannot wear boots.
Your serpentine skin is tough. (AC +3)
You have supernaturally acute eyesight. (SInv)
Armour fits poorly on your strangely shaped body.
Your system is resistant to poisons. (rPois)
You cover ground very slowly.
You can spit poison.


Message History

The killer bee poisons you! The killer bee stings you.
* * * LOW HITPOINT WARNING * * *
Evoke which item? (* to show all) (? for menu, Esc to quit)
That's the wrong kind of item! (Use * to select it.) Evoke which item? (* to show all) (? for menu, Esc to quit)
Okay, then.
Evoke which item? (* to show all) (? for menu, Esc to quit)
You don't have any such object.
Evoke which item? (* to show all) (? for menu, Esc to quit)
Okay, then.
Evoke which item? (* to show all) (? for menu, Esc to quit)
Aiming: Iceblast
Press: ? - help, Shift-Dir - straight line, f - killer bee
Aim: a killer bee (lightly wounded) That beam is likely to hit you.
Continue anyway?
The mass of ice explodes!
The iceblast engulfs the killer bee!!
You kill the killer bee!
The iceblast engulfs you!! You partially resist.
You die...
Your body crumbles into a pile of gold.

###...........##....
##...###.###.........
##..###.#.#.###.......
#.[##...#.#...##......
#..#....'''....#......
#..#....#(#....#.<....
#..#....#(#....#[[#...
#..#...#####...#..#...
##..##@##.y.##+##..##.. ###
#....##$y.....##...##.. ##.#
##.....##$....##........
##>.#####....#..##...##....##...
#.....#.##..<....#...#....##..##
###......#.......##.##....##..'_
###........#...#...#+#.....##..##
..............###..#)#.#....#....
.......(...........###.###..#....


You could see a killer bee.

Vanquished Creatures
  Harold (D:7)
  Pikel (D:5)
  Grinder (D:3)
  Prince Ribbit (D:6)
  Eustachio (D:6)
  4 yaks
  2 soldier ants (D:5)
  5 water moccasins
  Duvessa (D:6)
  An ice beast (D:7)
  A phantom (D:7)
  An ogre (D:6)
  A centaur (D:5)
  Blork the orc (D:5)
  2 bullfrogs
  Dowan (D:6)
  6 killer bees (D:5)
  A howler monkey (D:6)
  A centaur zombie (Ossuary)
  3 orc priests
  A bullfrog skeleton (D:5)
  A gnoll shaman (D:4)
  2 iguanas
  7 orc wizards
  12 worker ants
  3 big kobold zombies (Ossuary)
  2 mummies (Ossuary)
  3 gnolls (D:7)
  7 adders
  2 white imps (D:4)
  2 oozes (D:1)
  2 worms
  A dart slug (D:1)
  3 leopard geckos
  26 orcs
  2 ball pythons (D:1)
  11 bats
  4 giant cockroaches
  14 hobgoblins
  5 jackals (D:2)
  10 kobolds
  A quokka (D:3)
  5 frilled lizards (D:3)
  2 gnoll zombies (Ossuary)
  7 goblins
  3 goblin zombies (Ossuary)
  A hobgoblin zombie (Ossuary)
  A leopard gecko skeleton (D:4)
  4 orc zombies (Ossuary)
  A quokka skeleton (D:6)
  7 rats
188 creatures vanquished.

Vanquished Creatures (others)
  24 plants (D:4)
  4 withered plants (D:6)
28 creatures vanquished.

Grand Total: 216 creatures vanquished

Notes
Turn   | Place    | Note
-------+----------+-------------------------------------------
     0 | D:1      | MajorAdolf the Naga Wanderer began the quest for the Orb.
     0 | D:1      | MajorAdolf set off with the following items: a +2 dagger, a
                  | potion of heal wounds, a +0 quarterstaff, a wand of random
                  | effects (15), a +0 robe
     0 | D:1      | Reached XP level 1. HP: 18/18 MP: 1/1
   745 | D:1      | Reached XP level 2. HP: 25/25 MP: 2/2
  1040 | D:1      | Reached XP level 3. HP: 32/32 MP: 3/3
  1329 | D:1      | Reached skill level 1 in Armour
  2392 | D:2      | Found an opulent altar of Gozag.
  2400 | D:2      | Became a worshipper of Gozag Ym Sagoz the Greedy
  2486 | D:2      | Reached skill level 1 in Axes
  2572 | D:2      | Reached XP level 4. HP: 39/39 MP: 4/4
  2619 | D:2      | Found a bloodstained altar of Trog.
  2626 | D:2      | Found a shadowy altar of Dithmenos.
  2627 | D:2      | Found a sacrificial altar of Ru.
  3662 | D:3      | Found a blossoming altar of Fedhas.
  3839 | D:3      | Reached XP level 5. HP: 45/45 MP: 5/5
  4439 | D:3      | Noticed Grinder
  4442 | D:3      | Paralysed by Grinder for 2 turns
  4452 | D:3      | Paralysed by Grinder for 4 turns
  4480 | D:3      | Killed Grinder
  4481 | D:3      | Reached skill level 2 in Evocations
  4481 | D:3      | Reached XP level 6. HP: 46/55 MP: 6/6
  6254 | D:4      | Found a sparkling altar of Nemelex Xobeh.
  6423 | D:4      | Found a sand-covered staircase.
  6434 | Ossuary  | Entered an ossuary
  7104 | Ossuary  | Reached XP level 7. HP: 39/62 MP: 7/7
  8805 | D:4      | Found a white marble altar of Elyvilon.
  8840 | D:4      | Reached skill level 3 in Evocations
  9457 | D:5      | Entered Level 5 of the Dungeon
 10359 | D:5      | Found a runed translucent gate.
 10359 | D:5      | Found a runed translucent door.
 10362 | D:5      | Noticed a soldier ant
 11165 | D:5      | Found the +9 staff of Olgreb {rPois∞}
 11734 | D:5      | Reached XP level 8. HP: 29/72 MP: 8/8
 12110 | D:5      | Noticed Blork the orc
 12131 | D:5      | Killed Blork the orc
 12132 | D:5      | Reached skill level 5 in Axes
 12433 | D:5      | Found a runed translucent gate.
 12433 | D:5      | Found a runed translucent gate.
 12442 | D:5      | Found a runed translucent door.
 12471 | D:5      | Found a blossoming altar of Fedhas.
 12707 | D:6      | Noticed Eustachio
 13075 | D:6      | Killed Eustachio
 13076 | D:6      | Reached skill level 4 in Evocations
 13544 | D:6      | Found an ornate altar of the Wu Jian Council.
 13781 | D:6      | Noticed Prince Ribbit
 14128 | D:6      | Found a runed translucent gate.
 14129 | D:6      | Found a runed translucent gate.
 14155 | D:6      | Found a runed translucent gate.
 14156 | D:6      | Noticed Raspi's ghost (novice FoHu)
 14156 | D:6      | Noticed Dracia's ghost (amateur GnWn)
 14157 | D:6      | Noticed p0werm0de's ghost (novice MiFi)
 14258 | D:6      | Noticed a yak
 14259 | D:6      | Noticed Pikel
 14260 | D:6      | Noticed a yak
 14270 | D:6      | Noticed a yak
 14274 | D:6      | Noticed a yak
 14276 | D:6      | Killed a yak
 14424 | D:6      | Found a runed translucent door.
 14425 | D:6      | Noticed Crazy Yiuf
 14605 | D:5      | Killed a yak
 14606 | D:5      | Reached skill level 5 in Fighting
 14606 | D:5      | Reached skill level 5 in Evocations
 14606 | D:5      | Reached XP level 9. HP: 14/81 MP: 9/9
 15025 | D:6      | Noticed Duvessa
 15025 | D:6      | Noticed Dowan
 15056 | D:6      | Killed Duvessa
 15061 | D:6      | Killed Dowan
 15513 | D:5      | Killed Pikel
 15514 | D:5      | Reached skill level 5 in Armour
 15514 | D:5      | Reached skill level 6 in Evocations
 16070 | D:6      | Found Desew's Elemental Accessories.
 16108 | D:6      | Bought the ring of Cowardice {Slay+2 Stlth+} for 394 gold
                  | pieces
 16204 | D:6      | Killed Prince Ribbit
 16488 | D:6      | Reached skill level 7 in Evocations
 16909 | D:7      | Found a staircase to the Ecumenical Temple.
 17203 | D:7      | Found a radiant altar of Vehumet.
 17477 | D:7      | Found Imixum's Gadget Emporium.
 17494 | D:7      | Bought a wand of paralysis (14) for 176 gold pieces
 17494 | D:7      | Bought a wand of disintegration (14) for 198 gold pieces
 17494 | D:7      | Bought a wand of iceblast (8) for 132 gold pieces
 17678 | D:7      | Noticed Harold
 17690 | D:7      | Killed Harold
 17691 | D:7      | Reached skill level 8 in Evocations
 17691 | D:7      | Reached XP level 10. HP: 73/88 MP: 10/10
 18072 | D:5      | Reached skill level 9 in Evocations
 19004 | D:5      | Reached skill level 10 in Evocations
 19087 | D:5      | Killed themself with a badly aimed iceblast

Illustrated notes

Levels and vault maps discovered:
D:1:      amcnicky_arrival_wind_blow, layout_loops_ring, minivault_4,
          minmay_misc_feat_enclosed, serial_park_tiny_pond, minivault_25
D:2:      layout_rooms, grunt_gozag_statues, minitemple,
          hangedman_abyss_or_decor_stabs, minmay_quadrilaterals
D:3:      layout_basic, fedhas_altar_2, uniq_grinder
D:4:      layout_loops_corners, nemelex_xobeh_ov_fountains_minmay,
          overflow_temple_1_default, chequers_ossuary_entry_cave, serial_bayou,
          serial_bayou_pond_c, serial_bayou_pond_b, serial_bayou_lagoon_a,
          serial_bayou_pond_a, minmay_misc_feat_rows
D:5:      layout_cave_pools, kennysheep_mini_moat,
          minmay_guarded_unrand_staff_of_olgreb, uniq_blork_the_orc
D:6:      layout_loops_ring, nzn_wu_jian_contemplation,
          gammafunk_ghost_cemetery, nicolae_elemental_shop,
          hangedman_abyss_or_decor_stagger, uniq_eustachio, uniq_prince_ribbit1,
          uniq_crazy_yiuf_cottage, uniq_duvessa, uniq_pikel
D:7:      layout_loops_ring, kennysheep_little_box, minmay_temple_entry_trees,
          serial_shops, nicolae_shop_competitors_out_of_business,
          kennysheep_dice, uniq_harold

Skill      XL: |  1  2  3  4  5  6  7  8  9 10 |
---------------+-------------------------------+-----
Armour         | 1 2 4 6 |  6.0
Axes           | 1 3 4 6 |  6.0
Fighting       | 2 3 5 |  5.0
Dodging        | 2 3 |  3.0
Evocations     | 2 3 5 8 10 | 10.2
Short Blades   | |  1.0
Staves         | |  1.0
Throwing       | |  1.0
Stealth        | |  5.8

Action                   |  1- 3 |  4- 6 |  7- 9 | 10-12 || total
-------------------------+-------+-------+-------+-------++-------
Melee: Dagger            |    60 |   106 |       |       ||   166
       Hand axe          |       |   191 |   444 |   164 ||   799
       Short sword       |       |       |    16 |       ||    16
Invok: Call Merchant     |       |       |     1 |       ||     1
 Abil: Spit Poison       |    26 |    26 |    58 |     4 ||   114
Evoke: Wand              |     2 |     6 |    14 |     7 ||    29
  Use: Potion            |       |     6 |     3 |     1 ||    10
       Scroll            |       |     7 |     3 |       ||    10
 Stab: Sleeping          |     2 |       |       |     1 ||     3
       Paralysed         |     1 |       |       |    15 ||    16
       Distracted        |       |     1 |       |     2 ||     3
Armor: Robe              |    11 |       |       |       ||    11
       Chain mail        |    26 |   200 |   199 |       ||   425
       Skin              |       |    10 |     1 |       ||    11
       Leather armour    |       |       |    19 |    44 ||    63
Dodge: Dodged            |    23 |    66 |   130 |    48 ||   267
Block: Other             |       |    10 |   101 |    42 ||   153
       Reflection        |       |       |     5 |       ||     5
